 Dungeon Sprint DCSS version 0.20-a0-46-g4a4b873 (webtiles) character file.

4700000 Faca the Invulnerable (level 25, -68/280 HPs)
             Began as a Deep Dwarf Fighter on Nov 14, 2016.
             Annihilated by a destroyer
             ... wielding a +9 great sword of slicing
              (157 damage)
             ... in the Dungeon (Sprint VIII: "Arena of Blood").
             The game lasted 00:05:25 (47 turns).

Faca the Invulnerable (Deep Dwarf Fighter)            Turns: 47, Time: 00:05:26

Health: -68/280    AC: 13    Str: 28    XL:     25   Next: 8%
Magic:  23/54      EV: 29    Int: 10    God:
Gold:   0          SH:  0    Dex: 15    Spells: 0 memorised, 78 levels left

rFire  . . .     SeeInvis .     m - +∞ Axe of Woe
rCold  . . .     Gourm    .     b - +0 scale mail
rNeg   + . .     Faith    .     (shield currently unavailable)
rPois  .         Spirit   .     (no helmet)
rElec  .         Reflect  .     (no cloak)
rCorr  .         Harm     .     (no gloves)
MR     +++..     NoTele   +     (no boots)
Stlth  ++++++++..               (no amulet)
                                n - +30 ring of slaying
                                o - +30 ring of slaying

@: very slightly contaminated, non-regenerating
A: damage resistance, recharge devices, negative energy resistance 1, sense
surroundings 3, slow regeneration 3
a: Device Recharging


You were in the Dungeon.
You were not hungry.

You visited 1 branch

Inventory:

Hand Weapons
 a - a +0 war axe
 m - the +∞ Axe of Woe (weapon)
   (You found it in the Dungeon)
Armour
 b - a +0 scale mail (worn)
 c - a +0 shield
Jewellery
 n - a +30 ring of slaying (right hand)
 o - a +30 ring of slaying (left hand)
Wands
 e - a wand of heal wounds (5/9)
Potions
 d - a potion of might
 g - a potion of curing
 h - a potion of heal wounds
 i - a potion of haste
 j - 2 potions of magic
 k - a potion of berserk rage
Comestibles
 f - a bread ration


   Skills:
 O Level 27 Fighting
 O Level 27 Axes
 O Level 27 Throwing
 O Level 27 Armour
 O Level 27 Dodging
 O Level 27 Stealth
 O Level 27 Shields
 O Level 27 Unarmed Combat
 O Level 27 Spellcasting
 O Level 27 Evocations


You had 78 spell levels left.
You didn't know any spells.

Dungeon Overview and Level Annotations

Branches:
Dungeon (1/1)

Altars:
Makhleb


Innate Abilities, Weirdness & Mutations

You are resistant to damage.
You can recharge devices by infusing magical energy.
You resist negative energy. (rN+)
You passively map a large area around you.
You do not regenerate.


Message History

You dice the meat berserker like an onion!!!
You pulverise the meat berserker into a thin bloody mist.
You kill the meat berserker!
You slice the bag of meat like a ripe choko!!!
You butcher the bag of meat messily.
You kill the bag of meat!
You have reached level 25!
You are engulfed in roaring flames.
You hear a shout! x2
The meat berserker rages.
You hear a shout!
The bag of meat is engulfed in roaring flames.
You hear a shout! 2 orcs and a skeletal warrior come into view.
A destroyer comes into view.
It is wielding a +9 great sword of slicing.
You hear a shout! x3
The destroyer blinks!
The destroyer hits you with a +9 great sword of slicing!!!!!
Ouch! That really hurt!
You die...

, , ,.......o...o..
* , **, ,
............o , ,
...........o ,*,, ,
,,, ,..%.....V.O , ,
* .........O ,, , ,
, *, ,, , #....§.o#,
, ,, , ,, , , *,.
#....§§§#, ,,, , ,
..###%...§§§###...
,,
,...%..###@)......,
, * ,,
....._oVV...... ,,,
, ,, ,
..#.o)Oo#.O.... * ,,
, , ,,,#§.x.V#......
, , ,,
...#))x)o#...... , ,
,*........_§o....%.%
, , ,,
.......###§.....zo *
, ..###..
V..###.o.,,, , , ,.
,#.., ,§.# , , ,


You could see 5 destroyers, a sculptor of flesh, 4 meat berserkers, 8 bags of
meat and 2 crawling corpses.

Vanquished Creatures
  4 vampire knights (D)
  11 ogres (D)
  27 orcs (D)
  3 hill giants (D)
  A skeletal warrior (D)
46 creatures vanquished.

Vanquished Creatures (others)
  A crawling corpse (D)
1 creature vanquished.

Grand Total: 47 creatures vanquished

Notes
Turn   | Place    | Note
-------+----------+-------------------------------------------
     0 | D        | Faca the Deep Dwarf Fighter began the quest for the Orb.
     0 | D        | Reached XP level 1. HP: 20/20 MP: 1/1
     2 | D        | Noticed a bag of meat
     3 | D        | Noticed a bag of meat
     4 | D        | Noticed a bag of meat
     6 | D        | Noticed a bag of meat
     8 | D        | Killed a bag of meat
     8 | D        | Reached skill level 15 in Axes
     8 | D        | Reached skill level 15 in Armour
     8 | D        | Reached skill level 15 in Shields
     8 | D        | Reached XP level 2. HP: 49/49 MP: 2/2
     8 | D        | Reached XP level 3. HP: 56/56 MP: 3/3
     8 | D        | Reached XP level 4. HP: 64/64 MP: 4/4
     8 | D        | Reached XP level 5. HP: 72/72 MP: 5/5
     8 | D        | Reached XP level 6. HP: 80/80 MP: 6/6
     8 | D        | Reached XP level 7. HP: 87/87 MP: 7/7
     8 | D        | Reached XP level 8. HP: 96/96 MP: 8/8
     8 | D        | Gained mutation: You passively map the area around you. [Deep Dwarf growth]
     8 | D        | Reached XP level 9. HP: 103/103 MP: 9/9
     8 | D        | Reached XP level 10. HP: 111/111 MP: 10/10
     8 | D        | Reached XP level 11. HP: 118/118 MP: 11/11
     9 | D        | Killed a bag of meat
     9 | D        | Reached skill level 15 in Fighting
     9 | D        | Reached XP level 12. HP: 132/132 MP: 12/12
     9 | D        | Killed a bag of meat
     9 | D        | Reached XP level 13. HP: 144/144 MP: 13/13
    10 | D        | Killed a bag of meat
    10 | D        | Gained mutation: You resist negative energy. (rN+) [Deep Dwarf growth]
    10 | D        | Reached XP level 14. HP: 138/156 MP: 14/14
    12 | D        | Noticed a bag of meat
    13 | D        | Noticed a bag of meat
    14 | D        | Noticed a bag of meat
    14 | D        | Noticed a bag of meat
    15 | D        | Noticed a bag of meat
    15 | D        | Noticed a bag of meat
    16 | D        | Noticed a meat berserker
    17 | D        | Noticed a bag of meat
    17 | D        | Noticed a bag of meat
    17 | D        | Noticed a meat berserker
    17 | D        | Noticed a meat berserker
    18 | D        | Noticed a bag of meat
    18 | D        | Noticed a bag of meat
    19 | D        | Noticed a bag of meat
    19 | D        | Noticed a meat berserker
    19 | D        | Killed a bag of meat
    20 | D        | Noticed a bag of meat
    20 | D        | Noticed a meat berserker
    20 | D        | Killed a meat berserker
    20 | D        | Reached XP level 15. HP: 151/171 MP: 15/15
    20 | D        | Reached XP level 16. HP: 163/184 MP: 16/16
    21 | D        | Killed a meat berserker
    21 | D        | Noticed a large bag of meat
    22 | D        | Reached skill level 27 in Axes
    22 | D        | Reached skill level 27 in Armour
    22 | D        | Reached skill level 27 in Shields
    22 | D        | Reached XP level 17. HP: 178/201 MP: 17/17
    22 | D        | Killed a meat berserker
    22 | D        | Reached skill level 27 in Fighting
    22 | D        | Killed a large bag of meat
    22 | D        | Reached skill level 10 in Dodging
    23 | D        | Noticed a meat berserker
    23 | D        | Killed a meat berserker
    23 | D        | Reached skill level 15 in Dodging
    23 | D        | Gained mutation: You passively map a large area around you. [Deep Dwarf growth]
    23 | D        | Reached XP level 18. HP: 162/218 MP: 18/18
    23 | D        | Killed a meat berserker
    23 | D        | Reached skill level 15 in Throwing
    23 | D        | Reached skill level 15 in Unarmed Combat
    25 | D        | Noticed a large bag of meat
    25 | D        | Noticed a meat berserker
    25 | D        | Noticed a meat berserker
    27 | D        | Reached XP level 19. HP: 168/226 MP: 19/19
    28 | D        | Killed a meat berserker
    29 | D        | Killed a meat berserker
    29 | D        | Reached skill level 27 in Stealth
    29 | D        | Reached XP level 20. HP: 175/236 MP: 20/20
    30 | D        | Killed a meat berserker
    30 | D        | Reached skill level 27 in Dodging
    32 | D        | Reached skill level 27 in Throwing
    32 | D        | Reached skill level 27 in Unarmed Combat
    32 | D        | Reached skill level 5 in Spellcasting
    32 | D        | Reached XP level 21. HP: 181/244 MP: 20/29
    33 | D        | Noticed a destroyer
    33 | D        | Noticed a destroyer
    33 | D        | Noticed a destroyer
    33 | D        | Reached skill level 10 in Spellcasting
    33 | D        | Reached skill level 15 in Evocations
    35 | D        | Reached skill level 15 in Spellcasting
    38 | D        | Reached skill level 27 in Evocations
    38 | D        | Reached XP level 22. HP: 164/254 MP: 21/48
    39 | D        | Noticed a destroyer
    40 | D        | Noticed a destroyer
    40 | D        | Reached skill level 27 in Spellcasting
    40 | D        | Killed a destroyer
    42 | D        | Reached XP level 23. HP: 126/262 MP: 22/54
    43 | D        | Noticed a destroyer
    44 | D        | Noticed a destroyer
    44 | D        | Killed a destroyer
    44 | D        | Killed a destroyer
    44 | D        | Reached XP level 24. HP: 114/272 MP: 22/54
    45 | D        | Noticed a destroyer
    46 | D        | Killed a destroyer
    46 | D        | Reached XP level 25. HP: 99/280 MP: 23/54
    47 | D        | Noticed a destroyer
    47 | D        | Annihilated by a destroyer

Vault maps used:
D:        meatsprint

Skill      XL: |  1  2  3  4  5  6  7  8  9 10 11 12 13 14 15 16 17 18 19 20 21 22 |
---------------+-------------------------------------------------------------------+-----
Fighting       | 13 15 17 18 20 22 24 27 | 27.0
Axes           | 15 18 19 20 23 25 27 | 27.0
Armour         | 15 18 19 20 23 25 27 | 27.0
Shields        | 15 18 19 20 23 25 27 | 27.0
Throwing       | 12 17 21 27 | 27.0
Dodging        | 15 20 24 27 | 27.0
Stealth        | 17 23 27 | 27.0
Unarmed Combat | 12 17 21 27 | 27.0
Spellcasting   | 5 22 27 | 27.0
Evocations     | 9 27 | 27.0

Action                   |  1- 3 |  4- 6 |  7- 9 | 10-12 | 13-15 | 16-18 | 19-21 | 22-24 | 25-27 || total
-------------------------+-------+-------+-------+-------+-------+-------+-------+-------+-------++-------
Melee: Executioner's axe |     1 |       |       |     1 |     3 |     5 |    10 |     8 |       ||    28
  Use: Scroll            |       |       |       |       |       |       |     1 |       |       ||     1
